 Dungeon Crawl Stone Soup version 0.21.1-1-g345015f (webtiles) character file.

235 wojtek the Chopper (level 5, -7/45 HPs)
             Began as a Minotaur Fighter on July 29, 2018.
             Mangled by an ogre
             ... wielding a +0 giant club
              (15 damage)
             ... on level 4 of the Dungeon.
             The game lasted 00:03:32 (2673 turns).

wojtek the Chopper (Minotaur Fighter)               Turns: 2673, Time: 00:03:33

Health: -7/45      AC:  9    Str: 21    XL:     5   Next: 76%
Magic:  4/4        EV:  5    Int:  5    God:
Gold:   216        SH:  9    Dex: 10    Spells: 4/4 levels left

rFire    . . .     SeeInvis .   a - +0 war axe
rCold    . . .     Gourm    .   c - +0 shield
rNeg     . . .     Faith    .   v - +0 chain mail
rPois    .         Spirit   .   (helmet restricted)
rElec    .         Reflect  .   (no cloak)
rCorr    .         Harm     .   (no gloves)
MR       .....                  (no boots)
Stlth    ..........             (no amulet)
HPRegen  0.15/turn              (no ring)
MPRegen  0.09/turn              (no ring)

@: no status effects
A: retaliatory headbutt, horns 2
a: no special abilities


You were on level 4 of the Dungeon.
You were not hungry.

You visited 1 branch of the dungeon, and saw 4 of its levels.

You collected 216 gold pieces.

Inventory:

Hand Weapons
 a - a +0 war axe (weapon)
Missiles
 q - a throwing net (quivered)
Armour
 c - a +0 shield (worn)
 v - a +0 chain mail (worn)
Scrolls
 e - 2 scrolls of noise {unknown}
 g - 2 scrolls of blinking {unknown}
 i - a scroll of fear {unknown}
 n - 2 scrolls of teleportation {unknown}
 o - a scroll of amnesia {unknown}
 p - 2 scrolls of remove curse {unknown}
 s - a scroll of enchant weapon {unknown}
 t - 2 scrolls of identify {unknown}
Potions
 d - a potion of might
 h - a potion of mutation {unknown}
 j - a potion of curing {unknown}
 k - a potion of ambrosia {unknown}
 l - a potion of agility {unknown}
 m - 2 potions of brilliance {unknown}
 r - a potion of invisibility {unknown}
 u - a potion of heal wounds {unknown}
Comestibles
 b - 3 chunks of flesh
 f - 6 rations


   Skills:
 - Level 3.6 Fighting
 + Level 7.4 Axes
 - Level 3.6 Armour
 - Level 3.6 Shields


You had 4 spell levels left.
You didn't know any spells.

Dungeon Overview and Level Annotations

Branches:
Dungeon (4/15)
 Temple: D:4-7

Altars:
Cheibriados
Fedhas
Nemelex Xobeh
Trog
Uskayaw
Vehumet
Wu Jian


Innate Abilities, Weirdness & Mutations

You reflexively headbutt those who attack you in melee.
You have a pair of horns on your head.


Message History

Your shield and chain mail prevent you from hitting the ogre.
You headbutt the ogre, but do no damage.
The ogre hits you with a giant club!
Your chain mail prevents you from hitting the ogre.
The ogre hits you with a giant club.
A frilled lizard and an iguana come into view.
The frilled lizard hisses angrily.
The iguana hisses angrily.
You slice the ogre!!
The ogre is severely wounded.
The ogre hits you with a giant club!!
* * * LOW HITPOINT WARNING * * *
You are too injured to fight recklessly!
You are too injured to fight recklessly!
You hit the ogre but do no damage.
The ogre is severely wounded.
You block the ogre's attack.
You hit the ogre.
The ogre is almost dead.
The ogre hits you with a giant club!
You die...

#################
................#######
.......................
###############.######
##### #..# ....# ##@#
..### #O# ..#_# #.#
.##.## ..l ##...## .l.
#..#..# ....# #.###.#
###.. #.###.## #.
#.#_...##


You could see an ogre, an iguana and a frilled lizard.

Vanquished Creatures
  An orc priest (D:3)
  Terence (D:2)
  A worker ant (D:4)
  5 adders
  3 worms
  3 dart slugs
  5 leopard geckos
  13 orcs
  5 giant cockroaches
  4 goblins
  6 hobgoblins
  3 jackals (D:2)
  3 quokkas
  2 ball pythons
  4 bats
  5 frilled lizards
  10 kobolds
  9 rats
83 creatures vanquished.

Notes
Turn   | Place    | Note
-------+----------+-------------------------------------------
     0 | D:1      | wojtek the Minotaur Fighter began the quest for the Orb.
     0 | D:1      | Reached XP level 1. HP: 19/19 MP: 0/0
   102 | D:1      | Reached skill level 3 in Axes
   220 | D:1      | Reached XP level 2. HP: 24/26 MP: 1/1
   762 | D:2      | Reached skill level 4 in Axes
   767 | D:2      | Noticed Terence
   773 | D:2      | Killed Terence
   773 | D:2      | Reached XP level 3. HP: 29/31 MP: 2/2
   895 | D:2      | Reached skill level 5 in Axes
  1044 | D:2      | Reached XP level 4. HP: 23/39 MP: 3/3
  1673 | D:3      | Reached skill level 6 in Axes
  1682 | D:3      | Reached XP level 5. HP: 26/45 MP: 4/4
  2085 | D:3      | Found a blossoming altar of Fedhas.
  2168 | D:3      | Reached skill level 7 in Axes
  2389 | D:3      | Found a sparkling altar of Nemelex Xobeh.
  2417 | D:3      | Found a bloodstained altar of Trog.
  2608 | D:4      | Found a faded altar of an unknown god.
  2608 | D:4      | Found a snail-covered altar of Cheibriados.
  2614 | D:4      | Found an ornate altar of the Wu Jian Council.
  2617 | D:4      | Found a hide-covered altar of Uskayaw.
  2618 | D:4      | Found a radiant altar of Vehumet.
  2667 | D:4      | Noticed an ogre
  2673 | D:4      | Mangled by an ogre

Skill      XL: |  1  2  3  4  5 |
---------------+----------------+-----
Axes           | 3 4 5 6 7 |  7.4
Fighting       | |  3.6
Armour         | |  3.6
Shields        | |  3.6

Action                   |  1- 3 |  4- 6 || total
-------------------------+-------+-------++-------
Melee: War axe           |    88 |   130 ||   218
       Headbutt          |    11 |    21 ||    32
  Eat: Chunk             |     1 |     5 ||     6
Armor: Scale mail        |    36 |    35 ||    71
       Chain mail        |       |    14 ||    14
Dodge: Dodged            |    25 |    33 ||    58
Block: Shield            |    55 |    61 ||   116
